AoeStats
← Michi3052

Arena

505514802Analyzed
1v1 RM · 24d ago on Sep 9, 2026· 33m 10s· 2 players
Game mode
Random Map
Map size
Tiny (2 player)
Population
200
Speed
Normal
Resources
Standard
Victory
Conquest
Starting age
Dark Age
Ending age
Imperial Age
RankedLock teamsTeams togetherTeam positionsShared explorationLock speedFull tech treeHidden civsTurbo modeCheats
Victory
Defeat
🇪🇸 Turks · Spain
662
+14
🇪🇸 Franks · Spain
615
-14
Kiyeko6099
11:30 Feudal Age
12:32 Double-Bit Axe
13:28 Wheelbarrow
15:32 Stone Mining
21:04 Castle Age
23:05 Gold Mining
23:28 Bow Saw
27:02 Ballistics
26:38 Murder Holes
27:20 Fletching
29:23 Gold Shaft Mining
29:54 Bodkin Arrow
Michi3052
12:29 Feudal Age
13:22 Double-Bit Axe
18:01 Castle Age
16:19 Horse Collar
25:12 Imperial Age
23:52 Bow Saw
25:09 Wheelbarrow
27:33 Hand Cart
31:33 Loom
32:17 Padded Archer Armor
32:08 Fletching
32:25 Town Watch
Connection lost

Rejoining the realm…

Still unreachable

The connection could not be restored.

Session expired

The server has moved on; the page needs a fresh start.